 Dungeon Crawl Stone Soup version 0.29.1 (webtiles) character file.

Game seed: 785624137171455186

23 Nonny the Trooper (level 2, -6/16 HPs)
             Began as a Vine Stalker Fighter on Sept 12, 2022.
             Killed by nerve-wracking pain
             ... invoked by Grinder
              (11 damage)
             ... on level 3 of the Dungeon.
             The game lasted 00:04:47 (546 turns).

Nonny the Trooper (Vine Stalker Fighter)             Turns: 546, Time: 00:04:48

Health: -6/16      AC: 12    Str: 18    XL:     2   Next: 95%
Magic:  0/3        EV:  4    Int:  8    God:
Gold:   63         SH:  4    Dex: 13    Spells: 1/1 levels left

rFire   . . .      SeeInvis .   a - +0 long sword
rCold   . . .      Faith    .   c - +0 buckler
rNeg    . . .      Spirit   +   e - +0 plate armour
rPois   .          Reflect  .   g - +0 helmet
rElec   .          Harm     .   (no cloak)
rCorr   .          Rampage  .   (no gloves)
Will    .....                   (no boots)
Stlth   ..........              k - amulet of regeneration
HPRegen 0.05/turn               (no ring)
MPRegen 0.08/turn               (no ring)

@: no status effects
A: fangs 2, magic shield, antimagic bite, no potion heal 2
a: no special abilities


You were on level 3 of the Dungeon.
You visited 1 branch of the dungeon, and saw 3 of its levels.

You collected 63 gold pieces.

Inventory:

Hand Weapons
 a - a +0 long sword (weapon)
Armour
 b - a +0 scale mail
 c - a +0 buckler (worn)
 e - a +0 plate armour (worn)
 g - a +0 helmet (worn)
 i - a scarf of resistance
 q - a +0 pair of boots
Jewellery
 k - an amulet of regeneration (around neck)
Scrolls
 j - a scroll of fog {unknown}
 m - a scroll of noise {unknown}
 o - a scroll of enchant weapon {unknown}
 p - 3 scrolls of identify {unknown}
Potions
 d - a potion of might
 f - a potion of flight {unknown}
 h - a potion of degeneration {unknown}
 l - a potion of brilliance {unknown}
 n - a potion of curing {unknown}


   Skills:
 - Level 3.0 Fighting
 - Level 1.7 Long Blades
 + Level 0.3 Axes
 - Level 2.4 Armour
 * Level 1.8 Stealth
 - Level 3.0 Shields


You had one spell level left.
You didn't know any spells.
Your spell library was empty.

Dungeon Overview and Level Annotations

Branches:
Dungeon (2/15)

Altars:

Annotations:
D:3 Grinder


Innate Abilities, Weirdness & Mutations

You have extremely sharp teeth.
When hurt, damage is shared between your health and your magic reserves.
Your bite disrupts and absorbs the magic of your enemies.
Potions cannot restore your health.


Message History

As you read the scroll labelled RAQIRU VUIHI, it crumbles to dust.
It was a scroll of blinking.
The frilled lizard hisses angrily.
You hear a zap.
You hear a grinding noise.
i - a scarf of resistance
Found a pair of boots.
You hear a zap.
You hear a grinding noise.
You hit the frilled lizard.
The frilled lizard is heavily wounded.
The frilled lizard barely misses you.
You slash the frilled lizard!
You kill the frilled lizard!
You hear a zap.
You hear a grinding noise.
A rat comes into view.
A dart slug comes into view.
The dart slug launches a dart at you.
The slug dart hits you but does no damage.
You see here a +0 pair of boots.
q - a +0 pair of boots The rat bites you but does no damage.
You closely miss the rat. You bite the rat.
You kill the rat!
Found two stone staircases leading up.
Found 26 gold pieces.
The dart slug launches a dart at you. You block the slug dart.
You slash the dart slug! You bite the dart slug.
You kill the dart slug!
Things that are here:
a dart slug corpse; a rat corpse
Found a red potion.
Grinder gestures at you. You resist with significant effort.
You see here 26 gold pieces.
You now have 63 gold pieces (gained 26).
Grinder gestures at you. Pain shoots through your body!
Ouch! That really hurt!
Grinder gestures at you. Pain shoots through your body!
Ouch! That really hurt!
You die...

..# # #.# ..
.[.####.###### #.
.............. #.#######
#.###### #.#.<...# #..#
#....<..# #..# #......#
#..##### #.@....##
##.....#
#.####.##....#####.###..
#.......###5.........#
######...........†.#.#
#.########......... #.#
###......# #.# ##......
#!# ##..... #.. #....


You could see Grinder.

Vanquished Creatures
  A dart slug (D:3)
  A ball python (D:1)
  3 endoplasms (D:1)
  2 giant cockroaches (D:1)
  A goblin (D:1)
  A hobgoblin (D:1)
  A kobold (D:1)
  A quokka (D:1)
  2 bats (D:1)
  A frilled lizard (D:3)
  6 rats
20 creatures vanquished.

Notes
Turn   | Place    | Note
-------+----------+-------------------------------------------
     0 | D:1      | Nonny the Vine Stalker Fighter began the quest for the Orb.
     0 | D:1      | Reached XP level 1. HP: 11/11 MP: 2/2
    21 | D:1      | plate armour right outside the entrance
    61 | D:1      | Found a faded altar of an unknown god.
   124 | D:1      | Reached XP level 2. HP: 7/16 MP: 1/3
   184 | D:1      | Reached skill level 1 in Stealth
   207 | D:1      | Starting vault: three chambers surrounded by a lake.
   304 | D:1      | REGEN AMULET YEAH!!!!
   304 | D:1      | It's in the southeast of the floor. <3>
                  | ERROR: string above had unterminated tag
   497 | D:2      | You fall into a shaft and drop 1 floor!
   498 | D:3      | Freaking shafted one step onto D:2!
   504 | D:3      | Noticed Grinder
   546 | D:3      | Killed from afar by Grinder

Illustrated notes ≈≈≈≈≈≈≈≈≈≈# ≈≈≈≈≈≈≈≈≈# ≈≈ ≈≈≈≈≈≈≈≈≈## #≈≈ ≈≈≈≈≈≈≈≈~##+##~≈≈ ≈≈~≈≈≈≈~~...~~≈≈ #####~~~≈≈.....~~≈≈ ##...##~~≈~~...~~≈≈≈ #.....#.~~~....~~≈≈≈ #.><..'.....@..~~~≈≈ #.....#.........~~≈~ ##...##~~~.........~ #####≈~~~~~~......# ≈≈≈≈~≈~~~~.....# ≈≈≈≈≈≈≈≈≈≈~~....+ ≈≈≈≈≈≈≈≈≈≈≈~~....# ≈≈≈≈≈≈≈≈≈≈≈≈~....# Turn 21 on D:1: plate armour right outside the entrance

..~~≈≈≈≈≈≈≈≈~~..#
..~~≈≈≈≈≈≈≈≈≈≈~.#
.~~≈≈≈≈≈≈≈≈≈≈~~.#
.~~≈≈≈≈≈≈≈≈≈≈~~.##
.~~~≈≈≈≈≈≈≈≈≈~~..#
..~~≈~~≈≈≈≈≈≈≈~~.#
.....~#####≈≈≈~~.#
.....##...##≈≈~~.##
.....#.....#≈≈~~@.###
~....'...>.#≈≈≈††...#
~....#.....#~~~~~....#
~....##...##~.~~......#
~~....#####≈~~~.......#
~~.....~≈≈~~~.........#
~.....~≈~~~~..........#
.......~~~............#
.....................##


Turn 207 on D:1: Starting vault: three chambers surrounded by a lake.
#..######..# ##..# ##.# #.#########.# #.#### ............# #....## #.###...#####
####..## ..##.)...#############..# .[.....†.........!.^....#
#..................###### ###.......####.[@....# #......## #####...# #.......#
### #.......# #.......# ##.....## ##...## ##### Turn 304 on D:1: REGEN AMULET
YEAH!!!! #### ..# #.# #@# ............... #######..####.# ##.. ### Turn 498 on
D:3: Freaking shafted one step onto D:2!

Levels and vault maps discovered:
D:1:      minmay_arrival_shoal_huts, layout_rooms, basic_ecumenical_altar
D:2:      layout_loops_cross, grunt_decor_cap, uniq_sigmund
D:3:      layout_rooms, mainiacjoe_overflow_surrounded_room,
          lightli_temple_of_fire, ashenzari_altar_1,
          nicolae_overflow_hidden_temple, dk_noncrumbling_4, uniq_grinder

Skill      XL: |  1  2 |
---------------+-------+-----
Stealth        | 1 |  1.8
Fighting       | 3 |  3.0
Shields        | 3 |  3.0
Long Blades    | |  1.7
Axes           | |  0.3
Armour         | |  2.4

Action                   || total
-------------------------++-------
Melee: Long sword        ||    49
       Bite              ||    11
  Use: Scroll            ||     1
Armor: Plate armour      ||    50
Dodge: Dodged            ||    11
Block: Buckler           ||    14
